 Dungeon Crawl Stone Soup version 0.30-a0-272-gf98c3da03f (webtiles) character file.

Game seed: 7847129988977744192

325 Lanoc the Conjurer (level 6, 0/48 HPs)
             Began as a Demonspawn Reaver on Oct 15, 2022.
             Was a Priest of Cheibriados.
             Slain by a gnoll
             ... wielding a +0 club
              (7 damage)
             ... on level 4 of the Dungeon.
             The game lasted 00:08:46 (3159 turns).

Lanoc the Conjurer (Demonspawn Reaver)              Turns: 3159, Time: 00:08:46

Health: 0/48       AC:  4    Str: 19    XL:     6   Next: 24%
Magic:  9/9        EV: 14    Int: 21    God:    Cheibriados [***...]
Gold:   129        SH:  0    Dex: 21    Spells: 6/9 levels left

rFire   . . .      SeeInvis .    a - +1 spear (freeze)
rCold   . . .      Faith    .    (no shield)
rNeg    + . .      Spirit   .    d - +2 robe {rN+}
rPois   +          Reflect  .    (no helmet)
rElec   .          Harm     .    (no cloak)
rCorr   .          Rampage  .    (no gloves)
Will    .....                    (no boots)
Stlth   ++........               t - amulet of magic regeneration
HPRegen 0.28/turn                q - ring of poison resistance
MPRegen 0.51/turn                (no ring)

@: mighty, about to teleport, very slow
A: powered by pain 1, sharp scales 1, demonic magic 1, demonic touch 1, deformed
body
a: Renounce Religion, Bend Time, Temporal Distortion


You were on level 4 of the Dungeon.
You worshipped Cheibriados.
Cheibriados was most pleased with you.
You visited 2 branches of the dungeon, and saw 5 of its levels.

You collected 129 gold pieces.

Inventory:

Hand Weapons
 a - a +1 spear of freezing (weapon)
 b - a +1 vorpal sling
Missiles
 u - 7 atropa-tipped darts
Armour
 d - a +2 robe of positive energy (worn)
Jewellery
 q - a ring of poison resistance (left hand)
 t - an amulet of magic regeneration (around neck)
 w - a ring of fire
Wands
 l - a wand of paralysis (1)
Scrolls
 c - a scroll of enchant armour
 h - a scroll of enchant weapon {unknown}
 j - a scroll of immolation {unknown}
 k - 6 scrolls of identify
 m - a scroll of vulnerability {unknown}
 n - a scroll of noise {unknown}
 p - a scroll of brand weapon {unknown}
 s - a scroll of fog {unknown}
 v - a scroll of poison {unknown}
Potions
 f - a potion of cancellation
 g - a potion of invisibility {unknown}
 i - a potion of heal wounds {unknown}


   Skills:
 + Level 4.1 Fighting
 - Level 3.2 Long Blades
 + Level 3.6 Dodging
 - Level 2.0 Spellcasting
 + Level 4.3 Conjurations


You had 6 spell levels left.
You knew the following spells:

 Your Spells              Type           Power      Damage    Failure   Level
a - Kiss of Death         Conj/Necr      44%        2d8       6%          1
b - Momentum Strike       Conj/Tloc      22%        3d8       10%         2

Your spell library contained the following spells:

 Spells                   Type           Power      Damage    Failure   Level
 Hailstorm                Conj/Ice       11%        3d5       19%         3


Dungeon Overview and Level Annotations

Branches:
Dungeon (4/15)             Temple (1/1) D:4

Altars:
Cheibriados
Fedhas
Makhleb
Sif Muna
Trog
Wu Jian
Xom

Shops:
D:1 *   D:2 ?   D:4 [


Innate Abilities, Weirdness & Mutations

You sometimes gain a little power by taking damage.
You are partially covered in razor-sharp scales. (AC +1, Slay +1)
Spells you cast may paralyse adjacent enemies.
Your touch may inflict minor irresistible damage on your foes.
Armour fits poorly on your strangely shaped body.


Message History

The gnoll shouts!
As you read the scroll labelled QIROGG GIBUXTO, it crumbles to dust.
It is a scroll of identify.
c - a scroll of enchant armour A gnoll comes into view.
It is wielding a +2 whip of venom.
A gnoll comes into view.
It is wielding a +0 whip and wearing a +2 leather armour of fire resistance.
As you read the scroll labelled TINYUK QEOQUNT, it crumbles to dust.
You feel strangely unstable.
It was a scroll of teleportation.
Your surroundings seem slightly different.
The gnoll shouts!
The orc priest calls down the wrath of Beogh upon you.
Beogh smites you!
You focus on the pain.
You feel very mighty all of a sudden. The gnoll closely misses you. x2
The gnoll shouts!
You puncture the gnoll! You freeze the gnoll.
The gnoll is severely wounded.
A puff of flame appears from out of thin air!
The puff of flame hits you!
* * * LOW HITPOINT WARNING * * *
The gnoll hits you with a +0 whip.
* * * LOW HITPOINT WARNING * * *
The gnoll barely misses you.
It was a potion of curing.
You feel better. The gnoll misses you. The gnoll hits you with a +0 whip.
* * * LOW HITPOINT WARNING * * *
You feel better.
The gnoll closely misses you. x2; The hobgoblin misses you.
The orc wizard gestures wildly while chanting.
The orc wizard flickers and vanishes!
As you read the scroll of teleportation, it crumbles to dust.
You feel strangely unstable. The gnoll hits you with a +0 whip.
* * * LOW HITPOINT WARNING * * *
The gnoll closely misses you. The hobgoblin barely misses you.
You hit the gnoll. You freeze the gnoll.
You kill the gnoll!
Cheibriados thoroughly appreciates the change of pace.
The gnoll hits you with a +2 whip of venom.
* * * LOW HITPOINT WARNING * * *
The hobgoblin completely misses you. The gnoll hits you with a +0 club!
You die...

........................
............†.....P.....
................P>PP....
........................
...........†.†.P...P....
........................
.......[................
..)...ggo...............
......)@g.g..o..........
........o..o............
............o...o.......
..................o.....
..............o...goo...
...................oo...
...................o.o..
........................
................


You could see an orc priest, 2 gnolls, 5 orcs and 2 hobgoblins.

Vanquished Creatures
  Menkaure (D:4)
  An iguana (D:4)
  An orc wizard (D:3)
  4 gnolls
  2 adders
  A worm (D:3)
  A dart slug (D:4)
  6 orcs
  13 endoplasms
  4 giant cockroaches
  6 goblins
  A hobgoblin (D:2)
  6 jackals
  9 kobolds
  A quokka (D:1)
  7 ball pythons
  5 bats (D:3)
  7 frilled lizards
  7 rats
83 creatures vanquished.

Vanquished Creatures (others)
  An orc wizard (D:3)
  A plant (D:2)
2 creatures vanquished.

Grand Total: 85 creatures vanquished

Notes
Turn   | Place    | Note
-------+----------+-------------------------------------------
     0 | D:1      | Lanoc the Demonspawn Reaver began the quest for the Orb.
     0 | D:1      | Reached XP level 1. HP: 16/16 MP: 3/3
   211 | D:1      | Gained mutation: Your touch may inflict minor irresistible
                  | damage on your foes. [demonic ancestry]
   211 | D:1      | Reached XP level 2. HP: 22/22 MP: 5/5
   518 | D:1      | Found Tyrresan's General Store.
   599 | D:1      | Found a faded altar of an unknown god.
   609 | D:1      | Prayed at the altar of an unknown god.
   609 | D:1      | Became a worshipper of Cheibriados the Contemplative
   609 | D:1      | Reached * piety under Cheibriados
  1097 | D:2      | Found Qyhu's Magic Scroll Shoppe.
  1170 | D:2      | Gained mutation: Spells you cast may paralyse adjacent
                  | enemies. [demonic ancestry]
  1170 | D:2      | Reached XP level 3. HP: 28/28 MP: 6/6
  1310 | D:2      | Gained mutation: You are partially covered in razor-sharp
                  | scales. (AC +1, Slay +1) [demonic ancestry]
  1310 | D:2      | Reached XP level 4. HP: 30/30 MP: 7/7
  1960 | D:3      | Reached ** piety under Cheibriados
  2024 | D:3      | Gained mutation: Armour fits poorly on your strangely
                  | shaped body. [potion of mutation]
  2176 | D:3      | Learned a level 2 spell: Momentum Strike
  2520 | D:3      | Gained mutation: You sometimes gain a little power by
                  | taking damage. [demonic ancestry]
  2520 | D:3      | Reached XP level 5. HP: 38/41 MP: 8/8
  2657 | D:3      | Found an ornate altar of the Wu Jian Council.
  2720 | D:3      | Found a burning altar of Makhleb.
  2918 | D:3      | Reached *** piety under Cheibriados
  2992 | D:4      | Found Sihacve's Antique Armour Boutique.
  3022 | D:4      | Found a staircase to the Ecumenical Temple.
  3035 | Temple   | Entered the Ecumenical Temple
  3047 | D:4      | Noticed Menkaure
  3056 | D:4      | Killed Menkaure
  3057 | D:4      | Reached XP level 6. HP: 43/48 MP: 9/9
  3159 | D:4      | Slain by a gnoll

Illustrated notes

Levels and vault maps discovered:
D:1:      nzn_arrival_crosshair, layout_loops_corners, serial_shops, shop,
          hellmonk_ecumenical_altar_zigzags
D:2:      minmay_spotlight, layout_basic, serial_shops, shop_scrolls,
          guppyfry_early_lair_pool
D:3:      minmay_razor_zed, layout_loops_cross, nzn_wu_jian_contemplation,
          lightli_temple_of_fire, kennysheep_generic_room_2
D:4:      layout_basic, minmay_temple_entry_overgrown, serial_shops,
          nicolae_stop_n_shop_2, uniq_menkaure, uniq_grinder, uniq_natasha
Temple:   nicolae_temple_bog_church

Skill      XL: |  1  2  3  4  5 |
---------------+----------------+-----
Long Blades    | 3 |  3.2
Dodging        | 2 3 |  3.6
Fighting       | 3 4 |  4.1
Conjurations   | 4 |  4.3
Spellcasting   | |  2.0

Action                   |  1- 3 |  4- 6 || total
-------------------------+-------+-------++-------
Melee: Falchion          |    61 |       ||    61
       Touch             |     1 |     9 ||    10
       Whip              |     7 |       ||     7
       Spear             |       |    80 ||    80
       Punch             |       |     1 ||     1
 Fire: Sling             |    34 |    37 ||    71
 Cast: Kiss of Death     |     1 |       ||     1
  Use: Potion            |       |     8 ||     8
       Scroll            |       |     6 ||     6
 Stab: Sleeping          |       |     1 ||     1
Armor: Leather armour    |    16 |     9 ||    25
       Robe              |       |    17 ||    17
Dodge: Dodged            |    79 |    65 ||   144

Table legend: (Time is in decaauts)
 A = Elapsed time spent in this place.
 B = Non-inter-level travel time spent in this place.
 C = Inter-level travel time spent in this place.
 D = Time resting spent in this place.
 E = Time spent auto-exploring this place.
 F = Levels seen in this place.
 G = Mean time per level.
                   A        B        C        D        E       F      G
               +--------+--------+--------+--------+--------+-----+--------+
         Total |   4094 |   3809 |    285 |      0 |   3142 |   5 |  818.8 |
       Dungeon |   4093 |   3808 |    285 |      0 |   3142 |   4 | 1023.2 |
        Temple |      1 |      1 |      0 |      0 |      0 |   1 |    1.0 |
               +--------+--------+--------+--------+--------+-----+--------+

Top non-repeatable levels by time:
     D:3: 1496 daAuts
     D:2: 1265 daAuts
     D:1: 1126 daAuts
     D:4: 204 daAuts
  Temple: 1 daAuts
